Penguins vs Senators

Created - January 25 2008 at 20:32

Goals
1 2 3 T
Penguins 0 1 2 3
Senators 2 0 0 2
Shots
1 2 3 T
Penguins 7 11 9 27
Senators 12 4 2 18

Period #1

1. Senators , Jason Pominville 14 (Andy Mcdonald, Tom Preissing) at 4:19
2. Senators , Ilya Kovalchuk 22 (Jason Spezza, Jay Bouwmeester) at 4:38

Penalties :
Josef Melichar (PIT) for Hooking (Minor) at 1:05, Glen Wesley (PIT) for Hooking (Minor) at 9:32, Brenden Morrow (OTT) for Roughing (Double Minor) at 12:32, Jay Bouwmeester (OTT) for Boarding (Minor) at 16:14, Bryan Mccabe (PIT) for High sticking (Minor) at 19:07, Mike Cammalleri (OTT) for Slashing (Minor) at 19:57

Period #2

3. Penguins , Kris Draper 15 (Christian Backman, Mark Parrish) at 12:01

Penalties :
Glen Wesley (PIT) for Slashing (Minor) at 0:11, Jordan Staal (OTT) for Slashing (Minor) at 3:19, Mark Parrish (PIT) for Tripping (Minor) at 8:22, Ilya Kovalchuk (OTT) for Tripping (Minor) at 8:58

Period #3

4. Penguins , Kris Draper 16 (Jarkko Ruutu, Glen Wesley) at 10:42
5. Penguins , Sidney Crosby 26 (Dominic Moore, Glen Wesley) at 16:23

Penalties :
Matt Carle (OTT) for Hooking (Minor) at 2:28, Christoph Schubert (OTT) for Tripping (Minor) at 2:51, Bryan Mccabe (PIT) for Roughing (Minor) at 9:33, Jason Spezza (OTT) for Interference (Minor) at 9:48, Jay Bouwmeester (OTT) for Roughing (Minor) at 13:03, Jason Spezza (OTT) for Fighting (Major) at 16:32, Taylor Pyatt (PIT) for Fighting (Major) at 16:32

Goalie Stats

Marc-Andre Fleury (PIT), 16 saves from 18 shots - (0.889), W, 22-23-5, 60:00 minutes
Kari Lehtonen (OTT), 24 saves from 27 shots - (0.889), L, 23-12-0, 59:00 minutes

Players Stats

Penguins
Player Name              G  A  P  +/- PIM S  H  SB FO MP 
-----------------------------------------------------------
Brooks Orpik             0  0  0   1  0   0  2  1  0  14 
Bryan Mccabe             0  0  0   0  4   1  0  0  0  23 
Christian Backman        0  1  1   1  0   1  0  1  0  18 
Dallas Drake             0  0  0   0  0   0  0  0  0  13 
Dominic Moore            0  1  1  -1  0   3  4  0  5  23 
Evgeni Malkin            0  0  0   0  0   5  1  0  26 22 
Glen Wesley              0  2  2   0  4   1  4  0  0  22 
Jarkko Ruutu             0  1  1   2  0   0  2  0  7  26 
Jere Lehtinen            0  0  0   0  0   0  0  0  0  2  
Josef Melichar           0  0  0   0  2   0  2  1  0  22 
Kris Draper              2  0  2   2  0   4  0  0  14 22 
Marian Hossa             0  0  0   0  0   0  0  0  0  0  
Mark Bell                0  0  0  -1  0   1  1  0  2  14 
Mark Parrish             0  1  1   1  2   0  1  0  0  13 
Martin Lapointe          0  0  0   0  0   0  0  0  0  9  
Scott Hannan             0  0  0   0  0   2  1  0  0  25 
Sidney Crosby            1  0  1  -1  0   9  3  0  26 25 
Taylor Pyatt             0  0  0   0  5   0  0  0  3  12 
Senators
Player Name              G  A  P  +/- PIM S  H  SB FO MP 
-----------------------------------------------------------
Andy Mcdonald            0  1  1   0  0   2  1  0  16 18 
Anton Volchenkov         0  0  0   0  0   0  0  2  0  17 
Brenden Morrow           0  0  0   0  4   0  3  0  3  17 
Chris Kunitz             0  0  0   0  0   1  4  0  1  14 
Christoph Schubert       0  0  0   0  2   0  1  1  0  16 
Ilya Kovalchuk           1  0  1   1  2   4  3  0  3  14 
Jason Pominville         1  0  1   0  0   1  1  0  4  23 
Jason Spezza             0  1  1   1  7   2  1  0  21 15 
Jay Bouwmeester          0  1  1   0  4   0  2  0  0  21 
Jordan Staal             0  0  0   0  2   2  1  0  22 18 
Marc-Andre Bergeron      0  0  0   0  0   1  1  1  0  21 
Matt Carle               0  0  0   0  2   1  1  0  0  23 
Maxim Afinogenov         0  0  0   0  0   3  1  0  2  15 
Mike Cammalleri          0  0  0   0  2   1  1  1  2  12 
Petr Prucha              0  0  0  -2  0   0  0  0  1  10 
R.J. Umberger            0  0  0  -1  0   0  0  0  5  7  
Rostislav Olesz          0  0  0  -2  0   0  1  0  3  15 
Tom Preissing            0  1  1  -1  0   0  2  1  0  22 

3 Stars

1 - Kris Draper (PIT)
2 - Ilya Kovalchuk (OTT)
3 - Glen Wesley (PIT)

Power Play

Penguins - 0 on 9 Attempt(s) - 0.00%
Senators - 0 on 6 Attempt(s) - 0.00%

Penalty Kill

Penguins - 6 on 6 Attempt(s) - 100.00% - Score 0 goal in Penalty Kill
Senators - 9 on 9 Attempt(s) - 100.00% - Score 0 goal in Penalty Kill

Game Notes

Jason Spezza and Taylor Pyatt fight to a draw at 16:32 of 3rd period

Finance

Level 1 -- Attendance: 5632 (93.87%) -- Ticket Income $506,880.00
Level 2 -- Attendance: 4083 (77.77%) -- Ticket Income $191,901.00
Level 3 -- Attendance: 1847 (82.09%) -- Ticket Income $55,410.00
Level 4 -- Attendance: 3163 (79.08%) -- Ticket Income $63,260.00
Luxury Box -- Attendance: 848 (84.80%) -- Ticket Income $144,160.00
Game was played at the Corel Centre
Total Attendance: 15573 (84.18%)
Total Ticket Income: $982,242.40
Other Income: $159,761.10
Total Income: $1,142,003.00


Play by Play

Period #1

0:01 of 1st period - Andy Mcdonald wins face-off versus Evgeni Malkin in neutral zone.
0:09 of 1st period - Evgeni Malkin is hit by Brenden Morrow and loses puck.
1:05 of 1st period - Minor Penalty to Josef Melichar for Hooking.
1:06 of 1st period - Sidney Crosby wins face-off versus Jason Spezza in Penguins zone.
1:33 of 1st period - Dominic Moore is hit by Jason Spezza and loses puck.
2:06 of 1st period - Shot by Marc-Andre Bergeron.
2:06 of 1st period - Stopped by Marc-Andre Fleury without a rebound.
2:07 of 1st period - Jarkko Ruutu wins face-off versus Andy Mcdonald in Penguins zone.
3:07 of 1st period - Shot by Jason Spezza.
3:07 of 1st period - Shot Misses the Net.
3:10 of 1st period - Icing by Mark Parrish.
3:11 of 1st period - Jordan Staal wins face-off versus Kris Draper in Penguins zone.
3:23 of 1st period - Kris Draper is hit by Chris Kunitz and loses puck.
3:48 of 1st period - Shot by Chris Kunitz.
3:48 of 1st period - Stopped by Marc-Andre Fleury without a rebound.
3:49 of 1st period - Evgeni Malkin wins face-off versus Petr Prucha in Penguins zone.
3:58 of 1st period - Shot by Scott Hannan.
3:58 of 1st period - Shot Misses the Net.
4:00 of 1st period - Shot by Scott Hannan.
4:00 of 1st period - Shot Misses the Net.
4:02 of 1st period - Shot by Scott Hannan.
4:02 of 1st period - Stopped by Kari Lehtonen with a rebound.
4:04 of 1st period - Shot by Bryan Mccabe.
4:04 of 1st period - Shot Misses the Net.
4:06 of 1st period - Shot by Scott Hannan.
4:06 of 1st period - Shot Misses the Net.
4:10 of 1st period - Shot by Evgeni Malkin.
4:10 of 1st period - Stopped by Kari Lehtonen without a rebound.
4:11 of 1st period - Andy Mcdonald wins face-off versus Dominic Moore in Senators zone.
4:11 of 1st period - Andy Mcdonald is hit by Dominic Moore.
4:16 of 1st period - Andy Mcdonald is hit by Glen Wesley and loses puck.
4:19 of 1st period - Shot by Jason Pominville.
4:19 of 1st period - Goal by Jason Pominville - Penguins : 0 - Senators : 1.
4:20 of 1st period - Jason Spezza wins face-off versus Sidney Crosby in neutral zone.
4:23 of 1st period - Glen Wesley is hit by Ilya Kovalchuk and loses puck.
4:36 of 1st period - Shot by Jason Spezza.
4:36 of 1st period - Shot Blocked by Josef Melichar.
4:38 of 1st period - Shot by Ilya Kovalchuk.
4:38 of 1st period - Goal by Ilya Kovalchuk - Penguins : 0 - Senators : 2.
4:39 of 1st period - Jarkko Ruutu wins face-off versus Andy Mcdonald in neutral zone.
5:38 of 1st period - Shot by Jordan Staal.
5:38 of 1st period - Stopped by Marc-Andre Fleury without a rebound.
5:39 of 1st period - Jason Spezza wins face-off versus Kris Draper in Penguins zone.
5:50 of 1st period - Shot by Ilya Kovalchuk.
5:50 of 1st period - Shot Blocked by Brooks Orpik.
6:12 of 1st period - Shot by Christian Backman.
6:12 of 1st period - Stopped by Kari Lehtonen without a rebound.
6:13 of 1st period - Jordan Staal wins face-off versus Sidney Crosby in Senators zone.
6:24 of 1st period - Shot by Jordan Staal.
6:24 of 1st period - Shot Misses the Net.
6:26 of 1st period - Shot by Chris Kunitz.
6:26 of 1st period - Shot Misses the Net.
6:28 of 1st period - Shot by Maxim Afinogenov.
6:28 of 1st period - Stopped by Marc-Andre Fleury without a rebound.
6:29 of 1st period - R.J. Umberger wins face-off versus Jarkko Ruutu in Penguins zone.
7:11 of 1st period - Icing by Jay Bouwmeester.
7:12 of 1st period - Sidney Crosby wins face-off versus R.J. Umberger in Senators zone.
7:41 of 1st period - Shot by Chris Kunitz.
7:41 of 1st period - Shot Misses the Net.
7:43 of 1st period - Shot by Anton Volchenkov.
7:43 of 1st period - Shot Misses the Net.
7:47 of 1st period - Shot by Maxim Afinogenov.
7:47 of 1st period - Stopped by Marc-Andre Fleury without a rebound.
7:48 of 1st period - Andy Mcdonald wins face-off versus Jarkko Ruutu in Penguins zone.
7:52 of 1st period - Icing by Brooks Orpik.
7:53 of 1st period - Kris Draper wins face-off versus Andy Mcdonald in Penguins zone.
7:53 of 1st period - Kris Draper is hit by Brenden Morrow.
8:15 of 1st period - Shot by Mark Parrish.
8:15 of 1st period - Shot Misses the Net.
8:17 of 1st period - Shot by Kris Draper.
8:17 of 1st period - Stopped by Kari Lehtonen without a rebound.
8:18 of 1st period - Chris Kunitz wins face-off versus Dominic Moore in Senators zone.
8:41 of 1st period - Shot by Jordan Staal.
8:41 of 1st period - Shot Misses the Net.
8:43 of 1st period - Shot by Jordan Staal.
8:43 of 1st period - Stopped by Marc-Andre Fleury without a rebound.
8:44 of 1st period - Andy Mcdonald wins face-off versus Evgeni Malkin in Penguins zone.
8:51 of 1st period - Shot by Brenden Morrow.
8:51 of 1st period - Shot Misses the Net.
9:23 of 1st period - Shot by Andy Mcdonald.
9:23 of 1st period - Stopped by Marc-Andre Fleury without a rebound.
9:24 of 1st period - Sidney Crosby wins face-off versus Jordan Staal in Penguins zone.
9:32 of 1st period - Minor Penalty to Glen Wesley for Hooking.
9:33 of 1st period - Jason Spezza wins face-off versus Sidney Crosby in Penguins zone.
10:06 of 1st period - Shot by Jason Spezza.
10:06 of 1st period - Stopped by Marc-Andre Fleury with a rebound.
10:08 of 1st period - Shot by Mike Cammalleri.
10:08 of 1st period - Stopped by Marc-Andre Fleury without a rebound.
10:09 of 1st period - Andy Mcdonald wins face-off versus Kris Draper in Penguins zone.
10:17 of 1st period - Icing by Brenden Morrow.
10:18 of 1st period - Brenden Morrow wins face-off versus Sidney Crosby in Senators zone.
10:59 of 1st period - Shot by Matt Carle.
10:59 of 1st period - Stopped by Marc-Andre Fleury without a rebound.
11:00 of 1st period - Jason Spezza wins face-off versus Evgeni Malkin in Penguins zone.
11:01 of 1st period - Shot by Jay Bouwmeester.
11:01 of 1st period - Deflect By Ilya Kovalchuk.
11:01 of 1st period - Shot Misses the Net.
11:40 of 1st period - Mark Parrish is hit by Chris Kunitz and loses puck.
12:32 of 1st period - Double Minor Penalty to Brenden Morrow for Roughing.
12:33 of 1st period - Jason Spezza wins face-off versus Sidney Crosby in Penguins zone.
13:02 of 1st period - Shot by Sidney Crosby.
13:02 of 1st period - Stopped by Kari Lehtonen with a rebound.
13:35 of 1st period - Icing by Scott Hannan.
13:36 of 1st period - Jason Spezza wins face-off versus Taylor Pyatt in Penguins zone.
13:42 of 1st period - Evgeni Malkin is hit by Jay Bouwmeester and loses puck.
14:12 of 1st period - Off-side.
14:13 of 1st period - Jordan Staal wins face-off versus Evgeni Malkin in neutral zone.
14:58 of 1st period - Ilya Kovalchuk is hit by Dominic Moore and loses puck.
15:47 of 1st period - Off-side.
15:48 of 1st period - Sidney Crosby wins face-off versus Jason Spezza in neutral zone.
15:53 of 1st period - Shot by Sidney Crosby.
15:53 of 1st period - Stopped by Kari Lehtonen without a rebound.
15:54 of 1st period - Sidney Crosby wins face-off versus Jordan Staal in Senators zone.
16:14 of 1st period - Minor Penalty to Jay Bouwmeester for Boarding.
16:15 of 1st period - Evgeni Malkin wins face-off versus Rostislav Olesz in Senators zone.
16:16 of 1st period - Shot by Bryan Mccabe.
16:16 of 1st period - Shot Misses the Net.
16:31 of 1st period - Shot by Bryan Mccabe.
16:31 of 1st period - Stopped by Kari Lehtonen without a rebound.
16:32 of 1st period - Evgeni Malkin wins face-off versus Jordan Staal in Senators zone.
18:51 of 1st period - Off-side.
18:52 of 1st period - Jordan Staal wins face-off versus Jarkko Ruutu in neutral zone.
19:05 of 1st period - Maxim Afinogenov is hit by Glen Wesley and loses puck.
19:07 of 1st period - Minor Penalty to Bryan Mccabe for High sticking.
19:08 of 1st period - Sidney Crosby wins face-off versus Brenden Morrow in Penguins zone.
19:15 of 1st period - Marc-Andre Bergeron is hit by Jarkko Ruutu and loses puck.
19:57 of 1st period - Minor Penalty to Mike Cammalleri for Slashing.
19:58 of 1st period - Ilya Kovalchuk wins face-off versus Evgeni Malkin in Penguins zone.

Period #2

0:01 of 2nd period - Jordan Staal wins face-off versus Evgeni Malkin in neutral zone.
0:11 of 2nd period - Minor Penalty to Glen Wesley for Slashing.
0:12 of 2nd period - Jarkko Ruutu wins face-off versus Ilya Kovalchuk in Penguins zone.
1:19 of 2nd period - Shot by Sidney Crosby.
1:19 of 2nd period - Stopped by Kari Lehtonen without a rebound.
1:20 of 2nd period - Jordan Staal wins face-off versus Evgeni Malkin in Senators zone.
1:20 of 2nd period - Jordan Staal is hit by Sidney Crosby.
1:26 of 2nd period - Shot by Sidney Crosby.
1:26 of 2nd period - Stopped by Kari Lehtonen without a rebound.
1:27 of 2nd period - Sidney Crosby wins face-off versus Jordan Staal in Senators zone.
1:30 of 2nd period - Shot by Sidney Crosby.
1:30 of 2nd period - Shot Blocked by Marc-Andre Bergeron.
2:07 of 2nd period - Icing by Maxim Afinogenov.
2:08 of 2nd period - Jason Pominville wins face-off versus Dominic Moore in Senators zone.
2:08 of 2nd period - Jason Pominville is hit by Dominic Moore.
3:19 of 2nd period - Minor Penalty to Jordan Staal for Slashing.
3:20 of 2nd period - Sidney Crosby wins face-off versus Maxim Afinogenov in neutral zone.
3:41 of 2nd period - Dominic Moore is hit by Maxim Afinogenov and loses puck.
4:52 of 2nd period - Shot by Dominic Moore.
4:52 of 2nd period - Stopped by Kari Lehtonen without a rebound.
4:53 of 2nd period - Ilya Kovalchuk wins face-off versus Taylor Pyatt in Senators zone.
5:01 of 2nd period - Off-side.
5:02 of 2nd period - Sidney Crosby wins face-off versus Jason Pominville in neutral zone.
5:48 of 2nd period - Matt Carle is hit by Dominic Moore and loses puck.
6:10 of 2nd period - Icing by Jason Pominville.
6:11 of 2nd period - Sidney Crosby wins face-off versus Andy Mcdonald in Senators zone.
7:34 of 2nd period - Maxim Afinogenov is hit by Jarkko Ruutu and loses puck.
8:22 of 2nd period - Minor Penalty to Mark Parrish for Tripping.
8:23 of 2nd period - Jason Spezza wins face-off versus Sidney Crosby in Senators zone.
8:23 of 2nd period - Jason Spezza is hit by Evgeni Malkin.
8:29 of 2nd period - Shot by Jay Bouwmeester.
8:29 of 2nd period - Deflect By Ilya Kovalchuk.
8:29 of 2nd period - Stopped by Marc-Andre Fleury without a rebound.
8:30 of 2nd period - Jason Spezza wins face-off versus Evgeni Malkin in Penguins zone.
8:40 of 2nd period - Icing by Jay Bouwmeester.
8:41 of 2nd period - Jason Spezza wins face-off versus Sidney Crosby in Senators zone.
8:48 of 2nd period - Shot by Ilya Kovalchuk.
8:48 of 2nd period - Stopped by Marc-Andre Fleury without a rebound.
8:49 of 2nd period - Jason Spezza wins face-off versus Sidney Crosby in Penguins zone.
8:49 of 2nd period - Jason Spezza is hit by Scott Hannan.
8:58 of 2nd period - Minor Penalty to Ilya Kovalchuk for Tripping.
8:59 of 2nd period - Evgeni Malkin wins face-off versus Mike Cammalleri in Penguins zone.
8:59 of 2nd period - Evgeni Malkin is hit by Mike Cammalleri.
10:40 of 2nd period - Icing by Kris Draper.
10:41 of 2nd period - Evgeni Malkin wins face-off versus Jordan Staal in Penguins zone.
10:43 of 2nd period - Icing by Scott Hannan.
10:44 of 2nd period - Evgeni Malkin wins face-off versus Jordan Staal in Penguins zone.
10:46 of 2nd period - Bryan Mccabe is hit by Jordan Staal and loses puck.
11:12 of 2nd period - Shot by Sidney Crosby.
11:12 of 2nd period - Stopped by Kari Lehtonen without a rebound.
11:13 of 2nd period - Sidney Crosby wins face-off versus Andy Mcdonald in Senators zone.
11:26 of 2nd period - Shot by Sidney Crosby.
11:26 of 2nd period - Deflect By Mark Bell.
11:26 of 2nd period - Stopped by Kari Lehtonen without a rebound.
11:27 of 2nd period - R.J. Umberger wins face-off versus Kris Draper in Senators zone.
11:27 of 2nd period - R.J. Umberger is hit by Mark Parrish.
12:01 of 2nd period - Shot by Kris Draper.
12:01 of 2nd period - Goal by Kris Draper - Penguins : 1 - Senators : 2.
12:02 of 2nd period - Dominic Moore wins face-off versus Andy Mcdonald in neutral zone.
12:05 of 2nd period - Jason Pominville is hit by Sidney Crosby and loses puck.
12:16 of 2nd period - Shot by Mark Bell.
12:16 of 2nd period - Shot Misses the Net.
12:18 of 2nd period - Shot by Sidney Crosby.
12:18 of 2nd period - Deflect By Dominic Moore.
12:18 of 2nd period - Stopped by Kari Lehtonen without a rebound.
12:19 of 2nd period - Jordan Staal wins face-off versus Evgeni Malkin in Senators zone.
12:41 of 2nd period - Icing by Bryan Mccabe.
12:42 of 2nd period - Evgeni Malkin wins face-off versus Brenden Morrow in Penguins zone.
12:42 of 2nd period - Evgeni Malkin is hit by Brenden Morrow.
12:59 of 2nd period - Shot by Evgeni Malkin.
12:59 of 2nd period - Stopped by Kari Lehtonen without a rebound.
13:00 of 2nd period - Sidney Crosby wins face-off versus Jason Spezza in Senators zone.
13:03 of 2nd period - Shot by Dominic Moore.
13:03 of 2nd period - Stopped by Kari Lehtonen with a rebound.
13:05 of 2nd period - Shot by Dominic Moore.
13:05 of 2nd period - Shot Blocked by Mike Cammalleri.
13:07 of 2nd period - Shot by Sidney Crosby.
13:07 of 2nd period - Shot Misses the Net.
13:09 of 2nd period - Shot by Glen Wesley.
13:09 of 2nd period - Stopped by Kari Lehtonen with a rebound.
13:13 of 2nd period - Shot by Sidney Crosby.
13:13 of 2nd period - Stopped by Kari Lehtonen without a rebound.
13:14 of 2nd period - Jordan Staal wins face-off versus Sidney Crosby in Senators zone.
13:14 of 2nd period - Jordan Staal is hit by Mark Bell.
13:20 of 2nd period - Dominic Moore is hit by Chris Kunitz.
13:26 of 2nd period - Shot by Mark Bell.
13:26 of 2nd period - Shot Blocked by Christoph Schubert.
13:46 of 2nd period - Jordan Staal is hit by Glen Wesley and loses puck.
14:19 of 2nd period - Shot by Andy Mcdonald.
14:19 of 2nd period - Stopped by Marc-Andre Fleury without a rebound.
14:20 of 2nd period - Kris Draper wins face-off versus Jason Spezza in Penguins zone.
14:31 of 2nd period - Shot by Ilya Kovalchuk.
14:31 of 2nd period - Shot Blocked by Christian Backman.
14:33 of 2nd period - Shot by Jason Spezza.
14:33 of 2nd period - Stopped by Marc-Andre Fleury without a rebound.
14:34 of 2nd period - Taylor Pyatt wins face-off versus Andy Mcdonald in Penguins zone.
14:34 of 2nd period - Taylor Pyatt is hit by Andy Mcdonald.
16:27 of 2nd period - Glen Wesley is hit by Chris Kunitz and loses puck.
16:50 of 2nd period - Maxim Afinogenov is hit by Josef Melichar.
17:27 of 2nd period - Tom Preissing is hit by Brooks Orpik and loses puck.
18:14 of 2nd period - Shot by Petr Prucha.
18:14 of 2nd period - Shot Misses the Net.
19:05 of 2nd period - Shot by Maxim Afinogenov.
19:05 of 2nd period - Shot Misses the Net.
19:12 of 2nd period - Icing by Bryan Mccabe.
19:13 of 2nd period - Jarkko Ruutu wins face-off versus Andy Mcdonald in Penguins zone.
19:41 of 2nd period - Shot by Evgeni Malkin.
19:41 of 2nd period - Shot Misses the Net.

Period #3

0:01 of 3rd period - Andy Mcdonald wins face-off versus Evgeni Malkin in neutral zone.
0:43 of 3rd period - Jarkko Ruutu is hit by Tom Preissing and loses puck.
1:15 of 3rd period - Shot by Sidney Crosby.
1:15 of 3rd period - Stopped by Kari Lehtonen without a rebound.
1:16 of 3rd period - Jason Spezza wins face-off versus Kris Draper in Senators zone.
1:23 of 3rd period - Shot by Ilya Kovalchuk.
1:23 of 3rd period - Stopped by Marc-Andre Fleury with a rebound.
1:44 of 3rd period - Kris Draper is hit by Jay Bouwmeester and loses puck.
2:03 of 3rd period - Jay Bouwmeester is hit by Josef Melichar and loses puck.
2:10 of 3rd period - Matt Carle is hit by Sidney Crosby and loses puck.
2:28 of 3rd period - Minor Penalty to Matt Carle for Hooking.
2:29 of 3rd period - Evgeni Malkin wins face-off versus Jordan Staal in Senators zone.
2:30 of 3rd period - Shot by Bryan Mccabe.
2:30 of 3rd period - Shot Misses the Net.
2:32 of 3rd period - Shot by Scott Hannan.
2:32 of 3rd period - Stopped by Kari Lehtonen without a rebound.
2:33 of 3rd period - Jordan Staal wins face-off versus Evgeni Malkin in Senators zone.
2:51 of 3rd period - Minor Penalty to Christoph Schubert for Tripping.
2:52 of 3rd period - Rostislav Olesz wins face-off versus Sidney Crosby in Senators zone.
3:45 of 3rd period - Shot by Bryan Mccabe.
3:45 of 3rd period - Shot Misses the Net.
3:47 of 3rd period - Shot by Kris Draper.
3:47 of 3rd period - Shot Misses the Net.
3:49 of 3rd period - Shot by Scott Hannan.
3:49 of 3rd period - Shot Blocked by Anton Volchenkov.
3:51 of 3rd period - Shot by Bryan Mccabe.
3:51 of 3rd period - Shot Misses the Net.
3:53 of 3rd period - Shot by Kris Draper.
3:53 of 3rd period - Shot Misses the Net.
5:15 of 3rd period - Shot by Mark Parrish.
5:15 of 3rd period - Shot Misses the Net.
5:56 of 3rd period - Bryan Mccabe is hit by Rostislav Olesz and loses puck.
6:10 of 3rd period - Icing by Jay Bouwmeester.
6:11 of 3rd period - Sidney Crosby wins face-off versus R.J. Umberger in Senators zone.
6:13 of 3rd period - Mark Bell is hit by Matt Carle and loses puck.
7:00 of 3rd period - Off-side.
7:01 of 3rd period - Kris Draper wins face-off versus Jordan Staal in neutral zone.
8:11 of 3rd period - Icing by Kris Draper.
8:12 of 3rd period - Kris Draper wins face-off versus Jason Spezza in Penguins zone.
8:12 of 3rd period - Kris Draper is hit by Ilya Kovalchuk.
8:17 of 3rd period - Mark Parrish is hit by Ilya Kovalchuk and loses puck.
8:36 of 3rd period - Shot by Sidney Crosby.
8:36 of 3rd period - Stopped by Kari Lehtonen without a rebound.
8:37 of 3rd period - Rostislav Olesz wins face-off versus Evgeni Malkin in Senators zone.
8:46 of 3rd period - Shot by Evgeni Malkin.
8:46 of 3rd period - Stopped by Kari Lehtonen without a rebound.
8:47 of 3rd period - Andy Mcdonald wins face-off versus Sidney Crosby in Senators zone.
9:33 of 3rd period - Minor Penalty to Bryan Mccabe for Roughing.
9:34 of 3rd period - Dominic Moore wins face-off versus Jason Spezza in Penguins zone.
9:48 of 3rd period - Minor Penalty to Jason Spezza for Interference.
9:49 of 3rd period - Evgeni Malkin wins face-off versus Jordan Staal in Penguins zone.
10:03 of 3rd period - Shot by Sidney Crosby.
10:03 of 3rd period - Deflect By Evgeni Malkin.
10:03 of 3rd period - Shot Misses the Net.
10:05 of 3rd period - Shot by Evgeni Malkin.
10:05 of 3rd period - Deflect By Sidney Crosby.
10:05 of 3rd period - Shot Misses the Net.
10:09 of 3rd period - Shot by Sidney Crosby.
10:09 of 3rd period - Shot Misses the Net.
10:15 of 3rd period - Shot by Evgeni Malkin.
10:15 of 3rd period - Stopped by Kari Lehtonen without a rebound.
10:16 of 3rd period - Mike Cammalleri wins face-off versus Kris Draper in Senators zone.
10:38 of 3rd period - Shot by Kris Draper.
10:38 of 3rd period - Shot Misses the Net.
10:40 of 3rd period - Shot by Jarkko Ruutu.
10:40 of 3rd period - Shot Blocked by Tom Preissing.
10:42 of 3rd period - Shot by Kris Draper.
10:42 of 3rd period - Goal by Kris Draper - Penguins : 2 - Senators : 2.
10:43 of 3rd period - Evgeni Malkin wins face-off versus Jordan Staal in neutral zone.
12:14 of 3rd period - Martin Lapointe is hit by Marc-Andre Bergeron.
12:20 of 3rd period - Bryan Mccabe is hit by Jason Pominville and loses puck.
12:48 of 3rd period - Icing by Glen Wesley.
12:49 of 3rd period - Mark Bell wins face-off versus Jason Spezza in Penguins zone.
13:03 of 3rd period - Minor Penalty to Jay Bouwmeester for Roughing.
13:04 of 3rd period - Evgeni Malkin wins face-off versus Jordan Staal in Senators zone.
13:25 of 3rd period - Shot by Evgeni Malkin.
13:25 of 3rd period - Stopped by Kari Lehtonen without a rebound.
13:26 of 3rd period - Sidney Crosby wins face-off versus Jason Spezza in Senators zone.
14:20 of 3rd period - Taylor Pyatt is hit by Christoph Schubert and loses puck.
14:23 of 3rd period - Shot by Jarkko Ruutu.
14:23 of 3rd period - Deflect By Kris Draper.
14:23 of 3rd period - Stopped by Kari Lehtonen without a rebound.
14:24 of 3rd period - Kris Draper wins face-off versus Jason Pominville in Senators zone.
14:38 of 3rd period - Icing by Josef Melichar.
14:39 of 3rd period - Kris Draper wins face-off versus Jason Spezza in Penguins zone.
15:04 of 3rd period - Icing by Evgeni Malkin.
15:05 of 3rd period - Kris Draper wins face-off versus Jordan Staal in Penguins zone.
15:53 of 3rd period - Off-side.
15:54 of 3rd period - Mark Bell wins face-off versus Andy Mcdonald in neutral zone.
16:23 of 3rd period - Shot by Sidney Crosby.
16:23 of 3rd period - Goal by Sidney Crosby - Penguins : 3 - Senators : 2.
16:24 of 3rd period - Jason Spezza wins face-off versus Evgeni Malkin in neutral zone.
16:29 of 3rd period - Shot by Mike Cammalleri.
16:29 of 3rd period - Shot Misses the Net.
16:32 of 3rd period - Jason Spezza and Taylor Pyatt fight to a draw.
16:32 of 3rd period - Penalty to Jason Spezza for Fighting.
16:32 of 3rd period - Penalty to Taylor Pyatt for Fighting.
16:33 of 3rd period - R.J. Umberger wins face-off versus Sidney Crosby in neutral zone.
17:38 of 3rd period - Bryan Mccabe is hit by Tom Preissing.
18:34 of 3rd period - Icing by Christoph Schubert.
18:35 of 3rd period - Evgeni Malkin wins face-off versus Jordan Staal in Senators zone.
18:36 of 3rd period - Shot by Dominic Moore.
18:36 of 3rd period - Shot Blocked by Anton Volchenkov.
18:46 of 3rd period - Shot by Maxim Afinogenov.
18:46 of 3rd period - Stopped by Marc-Andre Fleury without a rebound.
18:47 of 3rd period - Maxim Afinogenov wins face-off versus Kris Draper in Penguins zone.
19:00 of 3rd period - Senators, Kari Lehtonen is pulled from the net.
19:01 of 3rd period - Ilya Kovalchuk is hit by Brooks Orpik and loses puck.
19:19 of 3rd period - Off-side.
19:20 of 3rd period - Jason Pominville wins face-off versus Evgeni Malkin in neutral zone.
19:24 of 3rd period - Marc-Andre Bergeron is hit by Glen Wesley and loses puck.


Output by the SimonT Hockey Simulator (STHS) for Stephane Roy -- Original Page W3C XHTML 1.0 Valid